 Dungeon Crawl Stone Soup version 0.29-a0-474-gdfe5cd140f (webtiles) character file.

Game seed: 6765050807831202892

49 xian the Conjurer (level 3, -29/26 HPs)
             Began as a Draconian Conjurer on May 24, 2022.
             Killed by an exploding kobold (33 damage)
             ... ignited by their inner flame
             ... on level 2 of the Dungeon.
             The game lasted 00:03:52 (1473 turns).

xian the Conjurer (Draconian Conjurer)              Turns: 1473, Time: 00:03:53

Health: -29/26     AC:  9    Str:  9    XL:     3   Next: 51%
Magic:  0/6        EV: 12    Int: 20    God:
Gold:   46         SH:  0    Dex:  9    Spells: 5/6 levels left

rFire   . . .      SeeInvis .   g - +0 short sword
rCold   . . .      Faith    .   (no shield)
rNeg    . . .      Spirit   .   (body armour unavailable)
rPois   .          Reflect  .   (helmet restricted)
rElec   .          Harm     .   (no cloak)
rCorr   .          Rampage  .   (no gloves)
Will    .....                   (no boots)
Stlth   ++........              (no amulet)
HPRegen 0.08/turn               c - +4 ring of protection
MPRegen 0.10/turn               (no ring)

@: no status effects
A: AC +5, unfitting armour, cold-blooded
a: no special abilities


You were on level 2 of the Dungeon.
You visited 1 branch of the dungeon, and saw 2 of its levels.

You collected 46 gold pieces.

Inventory:

Hand Weapons
 g - a +0 short sword (weapon)
Jewellery
 c - a +4 ring of protection (left hand)
Scrolls
 e - a scroll of immolation
 f - 2 scrolls of summoning {unknown}
Potions
 a - a potion of magic
 d - a potion of curing {unknown}


   Skills:
 + Level 0.2 Maces & Flails
 + Level 2.3 Dodging
 + Level 1.8 Stealth
 + Level 0.2 Unarmed Combat
 + Level 2.2 Spellcasting
 + Level 4.7 Conjurations


You had 5 spell levels left.
You knew the following spells:

 Your Spells              Type           Power      Damage    Failure   Level
a - Magic Dart            Conj           84%        1d7       2%          1

Your spell library contained the following spells:

 Spells                   Type           Power      Damage    Failure   Level
 Searing Ray              Conj           42%        2d6       3%          2
 Freeze                   Ice            8%         1d3       16%         1
 Dazzling Flash           Conj/Hex       22%        N/A       17%         3
 Frozen Ramparts          Ice            4%         1d2       43%         3
 Ozocubu's Armour         Ice            2%         N/A       43%         3
 Fulminant Prism          Conj/Hex       5%         3d7       50%         4
 Hailstorm                Conj/Ice       11%        3d5       50%         4
 Iskenderun's Mystic Bla  Conj/Tloc      11%        2d4       50%         4
 Metabolic Englaciation   Hex/Ice        1%         N/A       99%         5
 Simulacrum               Ice/Necr       1%         N/A       100%        6


Dungeon Overview and Level Annotations

Branches:
Dungeon (2/15)

Altars:

Shops:
D:2 (


Innate Abilities, Weirdness & Mutations

Your plain brown scales are hard. (AC +5)
You cannot fit into any form of body armour.
You are cold-blooded and may be slowed by cold attacks.


Message History

Found a scroll labelled KULUZIANAD.
A kobold comes into view. It is wielding a +0 club.
A rat comes into view.
The quokka bites you.
* * * LOW HITPOINT WARNING * * *
The quokka misses you.
You are too injured to fight recklessly!
A kobold comes into view. It is wielding a +0 dagger.
The kobold shouts! x2
As you read the scroll labelled ILUJUD DAUME, it crumbles to dust.
The creatures around you are filled with an inner flame!
It was a scroll of immolation.
The quokka closely misses you.
Unknown command.
Unknown command.
You completely miss the kobold.
The quokka bites you but does no damage.
The kobold hits you but does no damage.
You are too injured to fight recklessly!
Aiming: Magic Dart (safe; 2% risk of failure)
Press: ? - help, Q - select action Shift-Dir - straight line, f - kobold
Aim: a kobold, wielding a +0 club and quivering stones (inner flame, 100% to hit)
The magic dart hits the kobold but does no damage.
The quokka barely misses you.
The kobold hits you but does no damage. x2
Aiming: Magic Dart (safe; 2% risk of failure)
Press: ? - help, Q - select action Shift-Dir - straight line, f/p - kobold
Aim: a kobold, wielding a +0 club and quivering stones (inner flame, 100% to hit)
The magic dart hits the kobold but does no damage.
The quokka bites you but does no damage.
The kobold barely misses you. The kobold hits you but does no damage.
The quokka barely misses you.
You hit the kobold.
Flame seeps out of the kobold.
Your punch misses the kobold.
The kobold is severely wounded.
The kobold is engulfed in blazing flames.
The kobold explodes!
The fiery explosion engulfs the kobold!!
The fiery explosion engulfs the quokka!!
The fiery explosion engulfs you!!
Ouch! That really hurt!
You die...

...##.####..#
.?.. #†.#
.... #h.# ##
..# #.## #..
#.####.# .r#
#.....#
#.##h.####
#§○.## #§@##
#.K.## #..#
...# ....#
####


You could see a jackal (inner flame), a kobold (inner flame) and a rat.

Vanquished Creatures
  An adder (D:2)
  2 dart slugs
  A worm (D:2)
  3 endoplasms
  3 giant cockroaches (D:1)
  2 goblins (D:1)
  2 hobgoblins (D:1)
  6 kobolds
  4 quokkas
  7 bats
  A frilled lizard (D:1)
  2 rats
34 creatures vanquished.

Notes
Turn   | Place    | Note
-------+----------+-------------------------------------------
     0 | D:1      | xian the Draconian Conjurer began the quest for the Orb.
     0 | D:1      | Reached XP level 1. HP: 14/14 MP: 3/3
   483 | D:1      | Reached XP level 2. HP: 20/20 MP: 3/5
   785 | D:1      | Found a faded altar of an unknown god.
  1049 | D:1      | Reached XP level 3. HP: 19/26 MP: 0/6
  1292 | D:2      | Found Ogiz's Weapon Emporium.
  1473 | D:2      | Killed by an exploding kobold... ignited by their inner
                  | flame

Illustrated notes

Levels and vault maps discovered:
D:1:      minmay_arrival_loop, layout_rooms, hellmonk_ecumenical_altar_lost_god,
          chequers_serial_rivers_micro_c, minivault_4
D:2:      layout_basic, serial_shops, nicolae_shop_bloodbath_and_beyond,
          minmay_vboxes

Skill      XL: |  1  2 |
---------------+-------+-----
Dodging        | 2 |  2.3
Maces & Flails | |  0.2
Stealth        | |  1.8
Unarmed Combat | |  0.2
Spellcasting   | |  2.2
Conjurations   | |  4.7

Action                   || total
-------------------------++-------
Melee: Club              ||    45
       Unarmed           ||     6
       Tailslap          ||     4
       Short sword       ||    12
 Cast: Magic Dart        ||    61
  Use: Scroll            ||     1
Armor: Skin              ||    54
Dodge: Dodged            ||    88

Table legend: (Time is in decaauts)
 A = Elapsed time spent in this place.
 B = Non-inter-level travel time spent in this place.
 C = Inter-level travel time spent in this place.
 D = Time resting spent in this place.
 E = Time spent auto-exploring this place.
 F = Levels seen in this place.
 G = Mean time per level.
                   A        B        C        D        E       F      G
               +--------+--------+--------+--------+--------+-----+--------+
         Total |   1486 |   1472 |     14 |      0 |   1113 |   2 |  743.0 |
       Dungeon |   1486 |   1472 |     14 |      0 |   1113 |   2 |  743.0 |
               +--------+--------+--------+--------+--------+-----+--------+

Top non-repeatable levels by time:
     D:1: 1288 daAuts
     D:2: 197 daAuts
